PL
AUSTIN RANGERS @ WIZARDING EXPRESS
06/14/2029
 
TOP OF THE 1ST
Austin Rangers batting - Pitching for Wizarding Express : RHP Kenny Koehler
Pitching: RHP Kenny Koehler
Batting: RHB Guillermo Coss 0-0: Foul Ball, location: 2F
0-1: Called Strike
0-2: Foul Ball, location: 2F
0-2: SINGLE (Line Drive, 4MD)
Batting: SHB Ricardo Pérez 0-0: Foul Ball, location: 2F
0-1: Ball
1-1: Foul Ball, location: 2F
1-2: Foul Ball, location: 2F
1-2: Fielders Choice at 2nd, 4-6 (Groundball, 4D)
Batting: LHB Count Dante 0-0: Ball
1-0: Swinging Strike
1-1: Ball
2-1: Ball
3-1: Base on Balls
Ricardo Pérez to second
Batting: LHB Yun Yen 0-0: Ball
1-0: Foul Ball, location: 2F
1-1: Fly out, F9 (Flyball, 9S)
Batting: SHB Xavier Vásquez 0-0: Ball
1-0: Ball
Wild Pitch!
Ricardo Pérez to third
Count Dante to second
2-0: DOUBLE (Flyball, 89XD)
Ricardo Pérez scores
Count Dante scores
Batting: RHB Yoshihito Samurakami 0-0: Ball
1-0: Foul Ball, location: 2F
1-1: Ball
2-1: Swinging Strike
2-2: Ball
3-2: Strikes out looking
Top of the 1st over - 2 runs, 2 hits, 0 errors, 1 left on base; Austin 2 - Wizarding 0
BOTTOM OF THE 1ST
Wizarding Express batting - Pitching for Austin Rangers : LHP Shawn Arnold
Pitching: LHP Shawn Arnold
Batting: RHB António Martínez 0-0: Foul Ball, location: 2F
0-1: Ball
1-1: Ball
2-1: Ball
3-1: Base on Balls
Batting: LHB José Corona 0-0: Ball
1-0: Ball
2-0: Called Strike
2-1: Swinging Strike
2-2: Strikes out swinging
Batting: LHB Nathan Tanner 0-0: Called Strike
0-1: Ball
1-1: Foul Ball, location: 2F
1-2: Ball
2-2: SINGLE (Groundball, 6MD)
António Martínez to second
Runner from 2nd tries for 3rd, SAFE, no throw
Batting: SHB Fernando Sánchez 0-0: Called Strike
0-1: Called Strike
0-2: Ball
1-2: SINGLE (Flyball, 8LS)
António Martínez scores
Nathan Tanner to second
Nathan Tanner to third
Batting: RHB Rafael Arredondo 0-0: Called Strike
0-1: Ball
1-1: Foul Ball, location: 2F
1-2: Ball
2-2: SINGLE (Line Drive, 89S)
Nathan Tanner scores
Fernando Sánchez to second
Batting: SHB Salvador Trevino 0-0: Ball
1-0: Fielders Choice at 2nd, 1-4 (Groundball, 15S)
Fernando Sánchez to third
Batting: RHB Frank Grimes 0-0: Swinging Strike
0-1: Ball
1-1: Ball
2-1: Ball
3-1: Base on Balls
Salvador Trevino to second
Batting: LHB António Boccanegra 0-0: Called Strike
0-1: Foul Ball, location: 2F
0-2: Strikes out looking
Bottom of the 1st over - 2 runs, 3 hits, 0 errors, 3 left on base; Austin 2 - Wizarding 2
TOP OF THE 2ND
Austin Rangers batting - Pitching for Wizarding Express : RHP Kenny Koehler
Batting: RHB Clarence Fox 0-0: Ball
1-0: Ball
2-0: Foul Ball, location: 2F
2-1: Foul Ball, location: 2F
2-2: Strikes out swinging
Batting: RHB Jesús Villalba 0-0: Ball
1-0: Swinging Strike
1-1: Called Strike
1-2: Ball
2-2: Strikes out swinging
Batting: RHB Tony Hernández 0-0: Called Strike
0-1: Ball
1-1: Called Strike
1-2: Ball
2-2: Foul Ball, location: 2F
2-2: Foul Ball, location: 2F
2-2: Ball
3-2: Base on Balls
Batting: RHB Guillermo Coss 0-0: Ground out 3-1 (Groundball, 34S)
Top of the 2nd over - 0 runs, 0 hits, 0 errors, 1 left on base; Austin 2 - Wizarding 2
BOTTOM OF THE 2ND
Wizarding Express batting - Pitching for Austin Rangers : LHP Shawn Arnold
Batting: LHB David Breitling 0-0: Ball
1-0: Ball
2-0: Called Strike
2-1: Ground out 1-3 (Groundball, 13S)
Batting: RHB António Martínez 0-0: Ball
1-0: Ball
2-0: Ball
3-0: Base on Balls
Batting: LHB José Corona 0-0: Ball
1-0: Swinging Strike
1-1: Ball
2-1: Ball
3-1: Fielders Choice at 2nd, 3-6 (Groundball, 3)
Batting: LHB Nathan Tanner 0-0: Called Strike
José Corona steals 2nd base
0-1: Ball
1-1: Ball
2-1: 2-RUN HOME RUN (Flyball, 89XD), Distance : 389 ft
Batting: SHB Fernando Sánchez 0-0: Ball
1-0: Called Strike
1-1: SINGLE (Groundball, 6MD)
Batting: RHB Rafael Arredondo 0-0: Ball
1-0: Ball
2-0: Ball
Wild Pitch!
Fernando Sánchez to second
3-0: Base on Balls
Batting: SHB Salvador Trevino 0-0: Foul Ball, location: 2F
0-1: Ball
1-1: Ball
2-1: Fly out, F9 (Flyball, 9S)
Bottom of the 2nd over - 2 runs, 2 hits, 0 errors, 2 left on base; Austin 2 - Wizarding 4
TOP OF THE 3RD
Austin Rangers batting - Pitching for Wizarding Express : RHP Kenny Koehler
Batting: SHB Ricardo Pérez 0-0: Ball
1-0: Ball
2-0: Called Strike
2-1: Called Strike
2-2: Fly out, F5 (Popup, 56S)
Batting: LHB Count Dante 0-0: Called Strike
0-1: SINGLE (Groundball, 3S) (infield hit)
Batting: LHB Yun Yen 0-0: Ball
1-0: Foul Ball, location: 2F
1-1: Fly out, F8 (Flyball, 8RS)
Batting: SHB Xavier Vásquez 0-0: Called Strike
Count Dante steals 2nd base
0-1: Called Strike
0-2: Ball
1-2: Strikes out swinging
Top of the 3rd over - 0 runs, 1 hit, 0 errors, 1 left on base; Austin 2 - Wizarding 4
BOTTOM OF THE 3RD
Wizarding Express batting - Pitching for Austin Rangers : LHP Shawn Arnold
Batting: RHB Frank Grimes 0-0: Foul Ball, location: 2F
0-1: SINGLE (Groundball, 56) (infield hit)
Batting: LHB António Boccanegra 0-0: Ball
1-0: Swinging Strike
1-1: Ball
2-1: Grounds into double play, 4-6-3 (Groundball, 34)
Batting: LHB David Breitling 0-0: Called Strike
0-1: Ball
1-1: Ball
2-1: Ball
3-1: Fly out, F3 (Line Drive, 3)
Bottom of the 3rd over - 0 runs, 1 hit, 0 errors, 0 left on base; Austin 2 - Wizarding 4
TOP OF THE 4TH
Austin Rangers batting - Pitching for Wizarding Express : RHP Kenny Koehler
Batting: RHB Yoshihito Samurakami 0-0: Ball
1-0: Ground out 5-3 (Groundball, 56)
Batting: RHB Clarence Fox 0-0: Called Strike
0-1: Called Strike
0-2: Ground out 4-3 (Groundball, 4)
Batting: RHB Jesús Villalba 0-0: Ball
1-0: Called Strike
1-1: Swinging Strike
1-2: Strikes out looking
Top of the 4th over - 0 runs, 0 hits, 0 errors, 0 left on base; Austin 2 - Wizarding 4
BOTTOM OF THE 4TH
Wizarding Express batting - Pitching for Austin Rangers : LHP Shawn Arnold
Batting: RHB António Martínez 0-0: Ball
1-0: DOUBLE (Groundball, 5L)
Batting: LHB José Corona 0-0: Swinging Strike
0-1: SINGLE (Flyball, 89S)
António Martínez to third
Runner from 3rd tries for Home, SAFE, throw made home
Batting: LHB Nathan Tanner 0-0: Ball
1-0: Swinging Strike
1-1: Ball
2-1: Foul Ball, location: 2F
2-2: Ball
3-2: Hit by Pitch
José Corona to second
Batting: SHB Fernando Sánchez 0-0: Swinging Strike
0-1: Called Strike
José Corona steals 3rd base
Nathan Tanner to second
0-2: Strikes out swinging
Batting: RHB Rafael Arredondo 0-0: Foul Ball, location: 2F
0-1: Ball
1-1: Ball
2-1: Ball
3-1: Base on Balls
Batting: SHB Salvador Trevino 0-0: Ball
1-0: Ball
2-0: Called Strike
2-1: Foul Ball, location: 2F
2-2: Strikes out swinging
Batting: RHB Frank Grimes 0-0: Called Strike
0-1: Ball
1-1: Fly out, F9 (Flyball, 9LM)
Bottom of the 4th over - 1 run, 2 hits, 0 errors, 3 left on base; Austin 2 - Wizarding 5
TOP OF THE 5TH
Austin Rangers batting - Pitching for Wizarding Express : RHP Kenny Koehler
Batting: RHB Tony Hernández 0-0: Ground out 4-3 (Groundball, 4)
Batting: RHB Guillermo Coss 0-0: SINGLE (Line Drive, 6MD)
Batting: SHB Ricardo Pérez 0-0: Ball
1-0: Ball
2-0: Foul Ball, location: 2F
2-1: SINGLE (Line Drive, 9S)
Guillermo Coss to second
Batting: LHB Count Dante 0-0: Ball
1-0: Fly out, F9 (Line Drive, 9)
Batting: LHB Yun Yen 0-0: Ball
1-0: Foul Ball, location: 2F
1-1: Ball
2-1: Foul Ball, location: 2F
2-2: Ball
3-2: Foul Ball, location: 2F
3-2: Foul Ball, location: 2F
3-2: Base on Balls
Guillermo Coss to third
Ricardo Pérez to second
Batting: SHB Xavier Vásquez 0-0: Ball
1-0: Called Strike
1-1: Ball
2-1: Ball
3-1: Called Strike
3-2: Strikes out swinging
Top of the 5th over - 0 runs, 2 hits, 0 errors, 3 left on base; Austin 2 - Wizarding 5
BOTTOM OF THE 5TH
Wizarding Express batting - Pitching for Austin Rangers : LHP Shawn Arnold
Batting: LHB António Boccanegra 0-0: Ground out 1-3 (Groundball, 13)
Batting: LHB David Breitling 0-0: Swinging Strike
0-1: Called Strike
0-2: Foul Ball, location: 2F
0-2: Ball
1-2: Foul Ball, location: 2F
1-2: Foul Ball, location: 2F
1-2: Ground out U3 (Groundball, 34)
Batting: RHB António Martínez 0-0: Foul Ball, location: 2F
0-1: Ball
1-1: Foul Ball, location: 2F
1-2: Ball
2-2: DOUBLE (Line Drive, 9LM)
Batting: LHB José Corona 0-0: Ball
1-0: Called Strike
1-1: Foul Ball, location: 2F
1-2: Strikes out swinging
Bottom of the 5th over - 0 runs, 1 hit, 0 errors, 1 left on base; Austin 2 - Wizarding 5
TOP OF THE 6TH
Austin Rangers batting - Pitching for Wizarding Express : RHP Kenny Koehler
Batting: RHB Yoshihito Samurakami 0-0: Ground out 6-3 (Groundball, 6)
Batting: RHB Clarence Fox 0-0: Called Strike
0-1: Foul Ball, location: 2F
0-2: Ball
1-2: Fly out, F5 (Line Drive, 5S)
Batting: RHB Jesús Villalba 0-0: Bunt for hit - play at first, batter OUT! 1-3
Top of the 6th over - 0 runs, 0 hits, 0 errors, 0 left on base; Austin 2 - Wizarding 5
BOTTOM OF THE 6TH
Wizarding Express batting - Pitching for Austin Rangers : LHP Shawn Arnold
Pitching: LHP Alfonso Zapata
Batting: LHB Nathan Tanner 0-0: Called Strike
0-1: Foul Ball, location: 2F
0-2: Fly out, F7 (Flyball, 78M)
Batting: SHB Fernando Sánchez 0-0: Ball
1-0: Swinging Strike
1-1: Foul Ball, location: 2F
1-2: Foul Ball, location: 2F
1-2: Foul Ball, location: 2F
1-2: Ball
2-2: Ball
3-2: Foul Ball, location: 2F
3-2: Strikes out looking
Batting: RHB Rafael Arredondo 0-0: Ball
1-0: Ground out 6-3 (Groundball, 6)
Bottom of the 6th over - 0 runs, 0 hits, 0 errors, 0 left on base; Austin 2 - Wizarding 5
TOP OF THE 7TH
Austin Rangers batting - Pitching for Wizarding Express : RHP Kenny Koehler
Batting: RHB Tony Hernández 0-0: Foul Ball, location: 2F
0-1: Ball
1-1: Ball
2-1: Foul Ball, location: 2F
2-2: SINGLE (Line Drive, 78S)
Pitching: RHP Juan Cantú
Batting: RHB Guillermo Coss 0-0: Called Strike
0-1: Ball
1-1: Ball
2-1: Foul Ball, location: 2F
2-2: Ball
3-2: Foul Ball, location: 2F
3-2: Fly out, F9 (Flyball, 9S)
Batting: SHB Ricardo Pérez 0-0: SINGLE (Groundball, 4MD)
Tony Hernández to second
Runner from 2nd tries for 3rd, SAFE, no throw
Batting: LHB Count Dante 0-0: SINGLE (Groundball, 5S) (infield hit)
Tony Hernández scores
Ricardo Pérez to second
Batting: LHB Yun Yen 0-0: Called Strike
0-1: Foul Ball, location: 2F
0-2: Ball
1-2: Ball
2-2: Fly out, F6 (Popup, 6MS)
Batting: SHB Xavier Vásquez 0-0: Ground out U3 (Groundball, 3)
Top of the 7th over - 1 run, 3 hits, 0 errors, 2 left on base; Austin 3 - Wizarding 5
BOTTOM OF THE 7TH
Wizarding Express batting - Pitching for Austin Rangers : LHP Alfonso Zapata
Batting: SHB Salvador Trevino 0-0: Called Strike
0-1: Called Strike
0-2: Foul Ball, location: 2F
0-2: Ball
1-2: Foul Ball, location: 2F
1-2: Ball
2-2: Fly out, F7 (Flyball, 78D)
Batting: RHB Frank Grimes 0-0: Called Strike
0-1: Ball
1-1: Ground out 6-3 (Groundball, 6)
Batting: LHB António Boccanegra 0-0: Foul Ball, location: 2F
0-1: Ball
1-1: Called Strike
1-2: Fly out, F8 (Flyball, 8LXD)
Bottom of the 7th over - 0 runs, 0 hits, 0 errors, 0 left on base; Austin 3 - Wizarding 5
TOP OF THE 8TH
Austin Rangers batting - Pitching for Wizarding Express : RHP Juan Cantú
Batting: RHB Yoshihito Samurakami 0-0: Foul Ball, location: 2F
0-1: Hit by Pitch
Batting: RHB Clarence Fox 0-0: Called Strike
0-1: Ball
1-1: Ball
2-1: Foul Ball, location: 2F
2-2: Ball
3-2: Base on Balls
Yoshihito Samurakami to second
Batting: RHB Jesús Villalba 0-0: Foul Ball, location: 2F
0-1: Bunted foul
0-2: DOUBLE (Groundball, 5L)
Yoshihito Samurakami scores
Clarence Fox to third
Runner from 3rd tries for Home, SAFE, no throw
Batting: RHB Tony Hernández 0-0: Ball
1-0: Bunted foul
1-1: Sac Bunt - play at first, batter OUT! 3-4
Jesús Villalba to third
Batting: RHB Guillermo Coss 0-0: Ball
1-0: DOUBLE (Flyball, 8RXD)
Jesús Villalba scores
Pitching: RHP Eduardo Molina
Batting: SHB Ricardo Pérez 0-0: Ball
Guillermo Coss is caught stealing 3rd base
1-0: Ball
2-0: Called Strike
2-1: Called Strike
2-2: Foul Ball, location: 2F
2-2: Foul Ball, location: 2F
2-2: Ball
3-2: SINGLE (Groundball, 5D)
Batting: LHB Count Dante 0-0: Ball
1-0: Ball
2-0: Ball
3-0: Base on Balls
Ricardo Pérez to second
Batting: LHB Yun Yen 0-0: Called Strike
0-1: Ball
1-1: Called Strike
1-2: Ball
2-2: Strikes out looking
Top of the 8th over - 3 runs, 3 hits, 0 errors, 2 left on base; Austin 6 - Wizarding 5
BOTTOM OF THE 8TH
Wizarding Express batting - Pitching for Austin Rangers : LHP Alfonso Zapata
Pitching: RHP Júlio Rodríguez
Batting: LHB David Breitling 0-0: Ball
1-0: Called Strike
1-1: Foul Ball, location: 2F
1-2: Strikes out swinging
Batting: RHB António Martínez 0-0: Swinging Strike
0-1: Called Strike
0-2: Strikes out looking
Batting: LHB José Corona 0-0: Ball
1-0: Swinging Strike
1-1: Ball
2-1: Foul Ball, location: 2F
2-2: Strikes out swinging
Bottom of the 8th over - 0 runs, 0 hits, 0 errors, 0 left on base; Austin 6 - Wizarding 5
TOP OF THE 9TH
Austin Rangers batting - Pitching for Wizarding Express : RHP Eduardo Molina
Pitching: LHP Dorian Daly
Batting: SHB Xavier Vásquez 0-0: Ball
1-0: Swinging Strike
1-1: Foul Ball, location: 2F
1-2: Strikes out swinging
Batting: RHB Yoshihito Samurakami 0-0: Ball
1-0: Swinging Strike
1-1: Ball
2-1: Foul Ball, location: 2F
2-2: Ball
3-2: SINGLE (Flyball, 89M)
Batting: RHB Clarence Fox 0-0: Called Strike
0-1: Ball
1-1: Foul Ball, location: 2F
1-2: Ball
2-2: Strikes out swinging
Batting: RHB Jesús Villalba 0-0: Called Strike
0-1: Foul Ball, location: 2F
0-2: Ball
1-2: Ball
2-2: Ball
3-2: Strikes out looking
Top of the 9th over - 0 runs, 1 hit, 0 errors, 1 left on base; Austin 6 - Wizarding 5
BOTTOM OF THE 9TH
Wizarding Express batting - Pitching for Austin Rangers : RHP Júlio Rodríguez
Now at C: Jesús Vásquez
Batting: LHB Nathan Tanner 0-0: Ball
1-0: SINGLE (Line Drive, 7S)
Batting: SHB Fernando Sánchez 0-0: Ball
1-0: Foul Ball, location: 2F
1-1: Swinging Strike
1-2: Strikes out swinging
Batting: RHB Rafael Arredondo 0-0: Called Strike
0-1: Ball
1-1: Foul Ball, location: 2F
1-2: Strikes out looking
Batting: SHB Salvador Trevino 0-0: Ball
Nathan Tanner steals 2nd base
1-0: Ball
2-0: Ball
3-0: Base on Balls
Batting: RHB Frank Grimes 0-0: Ball
1-0: Called Strike
1-1: Swinging Strike
1-2: Strikes out swinging
Bottom of the 9th over - 0 runs, 1 hit, 0 errors, 2 left on base; Austin 6 - Wizarding 5
Tuesday, December 19th, 2017 - OOTP Baseball 18.8 Build 76